 Dungeon Crawl Stone Soup version 0.31-a0-705-ga145531891 (webtiles) character file.

Game seed: 12575402187943090381

85 dialectric the Chopper (level 4, -1/37 HPs)
             Began as a Hill Orc Gladiator on Sept 9, 2023.
             Killed from afar by Natasha (7 damage)
             ... with a magic dart
             ... on level 2 of the Dungeon.
             The game lasted 00:01:02 (981 turns).

dialectric the Chopper (Hill Orc Gladiator)          Turns: 981, Time: 00:01:03

Health: -1/37      AC:  4    Str: 18    XL:     4   Next: 48%
Magic:  4/4        EV: 12    Int:  8    God:
Gold:   60         SH:  0    Dex: 12    Spells: 3/3 levels left

rFire   . . .        a - +0 war axe
rCold   . . .        (no shield)
rNeg    . . .        b - +0 leather armour
rPois   .            c - +0 helmet
rElec   .            (no cloak)
rCorr   .            (no gloves)
SInv    .            (no boots)
Will    .....        (no amulet)
Stlth   +            (no ring)
HPRegen 0.26/turn    (no ring)
MPRegen 0.09/turn

%: no passive effects
@: slowed, very slow
A: no striking features
a: no special abilities


You were on level 2 of the Dungeon.
You visited 1 branch of the dungeon, and saw 2 of its levels.

You collected 60 gold pieces.

Inventory:

Hand Weapons
 a - a +0 war axe (weapon)
Missiles
 d - 3 throwing nets (quivered)
 e - a javelin
Armour
 b - a +0 leather armour (worn)
 c - a +0 helmet (worn)
Scrolls
 f - a scroll of identify {unknown}
 g - a scroll of blinking {unknown}
 i - 2 scrolls of fear {unknown}
 j - a scroll of brand weapon {unknown}
Potions
 h - 2 potions of heal wounds {unknown}
 k - 2 potions of curing {unknown}


   Skills:
 + Level 2.9 Fighting
 + Level 5.7 Axes
 - Level 1.7 Throwing
 + Level 1.2 Armour
 + Level 2.9 Dodging


You had 3 spell levels left.
You didn't know any spells.
Your spell library contained the following spells:

 Spells                   Type           Power      Damage    Failure   Level
 Frozen Ramparts          Ice            0%         1d1       83%         3
 Petrify                  Tmut/Erth      0%         N/A       99%         4
 Metabolic Englaciation   Hex/Ice        0%         N/A       100%        5


Dungeon Overview and Level Annotations

Branches:
Dungeon (2/15)

Altars:

Annotations:
D:2 Natasha


Message History

Unknown command.
You barely miss Natasha. The cerulean imp barely misses you. Natasha claws you.
You closely miss Natasha.
The cerulean imp hits you from afar with a +0 spear.
Natasha closely misses you. The cerulean imp barely misses you.
You closely miss Natasha.
Natasha mewls in sadness.
Natasha claws you.
The cerulean imp hits you but does no damage.
Natasha stares at you and mumbles some strange words.
You feel yourself slow down.
The cerulean imp hits you but does no damage.
Natasha closely misses you.
Unknown command.
You closely miss Natasha. You closely miss the cerulean imp.
The cerulean imp disappears in a puff of smoke!
Natasha claws you.
* * * LOW HITPOINT WARNING * * *
Natasha claws you but does no damage.
You hit Natasha but do no damage. Natasha misses you.
Natasha wildly gestures.
You feel disoriented. Natasha closely misses you.
You hit Natasha.
Natasha is moderately wounded.
Natasha claws you.
* * * LOW HITPOINT WARNING * * *
Natasha claws you.
* * * LOW HITPOINT WARNING * * *
Unknown command.
You completely miss Natasha.
Natasha is moderately wounded.
Natasha casts a spell.
You closely miss Natasha.
Natasha is moderately wounded.
You barely miss the cerulean imp. Natasha casts a spell at you.
The magic dart hits you!
You die...
Natasha curls up and begins to purr.

#.##...#....
######<##.#.# ... #
#.........#..#..####..
#...(.....##........#
#.........# #.#.....
#.........# #.#...
#........)###.#.##
#...........†.h..#.###
#.........###.@5......#
#.........# ##......#..
#.........# #......#
#.........# #......#
########## ###....<.
....... ....... ......


You could see Natasha and a cerulean imp (summoned).

Vanquished Creatures
  Natasha (D:2)
  A gnoll (D:1)
  An adder (D:2)
  2 dart slugs (D:1)
  4 endoplasms
  2 giant cockroaches
  5 goblins
  3 hobgoblins (D:1)
  4 jackals (D:1)
  3 ball pythons (D:1)
  5 bats
  3 frilled lizards (D:1)
  A kobold (D:1)
  2 rats (D:1)
37 creatures vanquished.

Notes
Turn   | Place    | Note
-------+----------+-------------------------------------------
     0 | D:1      | dialectric the Hill Orc Gladiator began the quest for the
                  | Orb.
     0 | D:1      | Reached XP level 1. HP: 18/18 MP: 1/1
   164 | D:1      | Reached XP level 2. HP: 23/25 MP: 2/2
   358 | D:1      | Reached XP level 3. HP: 30/30 MP: 3/3
   500 | D:1      | Reached skill level 5 in Axes
   951 | D:2      | Noticed Natasha
   957 | D:2      | Killed Natasha
   958 | D:2      | Reached skill level 1 in Armour
   958 | D:2      | Reached XP level 4. HP: 33/37 MP: 4/4
   960 | D:2      | Noticed Natasha
   981 | D:2      | Killed from afar by Natasha

Illustrated notes

Levels and vault maps discovered:
D:1:      tarquinn_simple_flora_water_a, layout_loops_ring, serial_forest,
          infiniplex_forest_straight_2, infiniplex_forest_corner_2,
          infiniplex_forest_lined_room_3, infiniplex_forest_lined_3,
          infiniplex_forest_clump_medium, infiniplex_forest_clump_double,
          infiniplex_forest_clump_tiny, infiniplex_forest_clump_cross,
          infiniplex_forest_clump_double
D:2:      layout_rooms, interstate_on_off, uniq_crazy_yiuf_cottage, uniq_natasha

Skill      XL: |  1  2  3 |
---------------+----------+-----
Axes           | 5 |  5.7
Armour         | 1 |  1.2
Fighting       | |  2.9
Throwing       | |  1.7
Dodging        | |  2.9

Action                     |  1- 3 |  4- 6 || total
---------------------------+-------+-------++-------
  Melee: War axe           |    81 |    15 ||    96
         Punch             |     1 |     1 ||     2
   Stab: Sleeping          |     1 |       ||     1
 Armour: Leather armour    |    57 |    18 ||    75
  Dodge: Dodged            |    62 |    15 ||    77

Table legend: (Time is in decaauts)
 A = Elapsed time spent in this place.
 B = Non-inter-level travel time spent in this place.
 C = Inter-level travel time spent in this place.
 D = Time resting spent in this place.
 E = Time spent auto-exploring this place.
 F = Levels seen in this place.
 G = Mean time per level.
                   A        B        C        D        E       F      G
               +--------+--------+--------+--------+--------+-----+--------+
         Total |   1008 |    990 |     18 |      0 |    772 |   2 |  504.0 |
       Dungeon |   1008 |    990 |     18 |      0 |    772 |   2 |  504.0 |
               +--------+--------+--------+--------+--------+-----+--------+

Top non-repeatable levels by time:
     D:1: 938 daAuts
     D:2: 70 daAuts
